 Dungeon Crawl Stone Soup version 0.29-a0-283-ga02f740833 (webtiles) character file.

Game seed: 8049319742960236238

325 anonymouscript the Cruncher (level 6, -3/51 HPs)
             Began as a Gnoll Wanderer on Mar 13, 2022.
             Was a Follower of Ashenzari.
             Slain by a scorpion (5 damage)
             ... on level 5 of the Dungeon.
             The game lasted 00:13:30 (3392 turns).

anonymouscript the Cruncher (Gnoll Wanderer)        Turns: 3392, Time: 00:13:31

Health: -3/51      AC:  5    Str: 18    XL:     6   Next: 48%
Magic:  9/9        EV: 12    Int:  9    God:    Ashenzari [*.....]
Gold:   75         SH:  0    Dex: 15    Spells: 9/9 levels left

rFire   . . .      SeeInvis .   a - +2 quarterstaff
rCold   . . .      Faith    .   (shield currently unavailable)
rNeg    + . .      Spirit   .   w - +2 robe {rN+}
rPois   .          Reflect  .   l - +0 helmet "Profound Free Will" {Melee, Cun} (curse)
rElec   .          Harm     .   s - scarf of the Eternal Ordeal {repulsion, Melee, Bglg} (curse)
rCorr   .          Rampage  .   (no gloves)
Will    .....                   (no boots)
Stlth   ++........              (no amulet)
HPRegen 0.17/turn               o - +6 ring of strength
MPRegen 0.11/turn               (no ring)

@: lethally poisoned (-3 -> -15), repel missiles
A: fangs 1, strong nose, distributed training
a: Renounce Religion, Shatter the Chains


You were on level 5 of the Dungeon.
You worshipped Ashenzari.
Ashenzari was aware of your devotion.
You visited 1 branch of the dungeon, and saw 5 of its levels.
You also visited: Sewer.

You collected 75 gold pieces.

Inventory:

Hand Weapons
 a - a +2 quarterstaff (weapon)
 b - a +0 hunting sling
 d - a +0 dagger
 A - the +5 hunting sling of Fixation {freeze, rN+ Str+5 Dex+4}
   (You found it on level 4 of the Dungeon)

   Any ammunition fired from it freezes those it strikes, dealing additional
   cold damage.
   It can also slow down cold-blooded creatures.
   Str:       It affects your strength (+5).
   Dex:       It affects your dexterity (+4).
   rN:        It protects you from negative energy.
Missiles
 c - 33 poisoned darts (quivered)
 p - 97 stones
 x - a curare-tipped dart
Armour
 f - a +0 robe
 l - the cursed +0 helmet "Profound Free Will" (worn) {Melee, Cun}
   (You found it on level 1 of the Dungeon)

   It has a curse which improves the following skills: Melee Combat: Short
   Blades, Long Blades, Axes, Maces & Flails, Polearms, Staves and Unarmed
   Combat.
   Cunning:   Dodging and Stealth.
 s - the cursed scarf of the Eternal Ordeal (worn) {repulsion, Melee, Bglg}
   (You found it on level 3 of the Dungeon)

   It has a curse which improves the following skills: Melee Combat: Short
   Blades, Long Blades, Axes, Maces & Flails, Polearms, Staves and Unarmed
   Combat.
   Beguiling: Conjurations, Hexes and Translocations.
 w - a +2 robe of positive energy (worn)
 z - the -5 pair of gloves "Launitass" {-Cast +Blink rElec Slay+6}
   (You found it on level 4 of the Dungeon)

   Slay:      It affects your accuracy & damage with ranged weapons and melee
   (+6).
   rElec:     It insulates you from electricity.
   +Blink:    It lets you blink.
   -Cast:     It prevents spellcasting.
Jewellery
 o - a +6 ring of strength (left hand)
 y - a ring of positive energy
Scrolls
 e - a scroll of silence
 g - 2 scrolls of enchant weapon
 h - 3 scrolls of teleportation
 i - 4 scrolls of identify
 j - 2 scrolls of enchant armour
 v - 2 scrolls of holy word
Potions
 k - a potion of haste
 m - a potion of attraction
 n - 2 potions of mutation
 q - a potion of curing
 t - a potion of resistance
 u - a potion of invisibility
 B - a potion of ambrosia


   Skills:
 + Level 5.0 Fighting
 + Level 2.0(3.0) Short Blades
 + Level 2.0(3.0) Long Blades
 + Level 2.0(3.0) Axes
 + Level 2.0(3.0) Maces & Flails
 + Level 2.0(3.0) Polearms
 + Level 8.7(10.1) Staves
 + Level 3.2 Slings
 + Level 2.0 Bows
 + Level 2.0 Crossbows
 + Level 3.2 Throwing
 + Level 3.2 Armour
 + Level 2.0(2.6) Dodging
 + Level 2.0(2.6) Stealth
 + Level 2.0 Shields
 + Level 2.0(3.0) Unarmed Combat
 + Level 2.0 Spellcasting
 + Level 1.5(2.2) Conjurations
 + Level 1.5(2.2) Hexes
 + Level 1.5 Summonings
 + Level 1.5 Necromancy
 + Level 1.5(2.2) Translocations
 + Level 1.5 Transmutations
 + Level 1.5 Fire Magic
 + Level 1.5 Ice Magic
 + Level 1.5 Air Magic
 + Level 1.5 Earth Magic
 + Level 1.5 Poison Magic
 + Level 3.4 Invocations
 + Level 2.0 Evocations


You had 9 spell levels left.
You didn't know any spells.
Your spell library was empty.

Dungeon Overview and Level Annotations

Branches:
Dungeon (5/15)             Temple (0/1) D:4           Sewer (visited)

Altars:
Ashenzari

Annotations:
D:5 Pikel


Innate Abilities, Weirdness & Mutations

You have very sharp teeth.
Your uncanny sense of smell can sniff out nearby items.
Your experience applies equally to all skills.


Message History

You hit the lemure.
The lemure is moderately wounded.
The lemure closely misses you.
You sock the lemure!
The lemure is heavily wounded.
The lemure misses you.
You sock the lemure! Your bite misses the lemure.
The lemure is severely wounded.
You hit the lemure.
The lemure is almost dead.
The lemure hits you.
* * * LOW HITPOINT WARNING * * *
You hit the lemure.
You kill the lemure!
That felt strangely unrewarding.
You start resting.
HP restored.
There is a stone staircase leading down, spattered with blood here.
You climb downwards.
Level annotation: Pikel The scorpion stings you but does no damage.
Pikel hits you with a +2 whip of freezing!
Pikel freezes you. The scorpion stings you!
There is a stone staircase leading up, spattered with blood here.
You hit Pikel but do no damage. You bite Pikel, but do no damage.
Pikel hits you with a +2 whip of freezing.
Pikel freezes you. The scorpion barely misses you.
You hit Pikel but do no damage. Pikel closely misses you.
The scorpion stings you.
You are poisoned.
The scorpion poisons you!
You thump Pikel! Your bite misses Pikel.
Pikel is moderately wounded.
You feel very sick.
Pikel hits you with a +2 whip of freezing!
* * * LOW HITPOINT WARNING * * *
Pikel freezes you.
* * * LOW HITPOINT WARNING * * *
The scorpion stings you.
You die...

...∆ ...
#.# ...
## #5# ..
#5#
####.#K#
#....s@#
...##.###
#


You could see Pikel, 2 lemures and a scorpion.

Vanquished Creatures
  An ogre (D:4)
  2 lemures (D:4)
  A kobold brigand (Sewer)
  A scorpion (D:4)
  3 adders (D:4)
  A gnoll (D:4)
  A river rat (D:4)
  A dart slug (D:4)
  2 orcs (D:3)
  4 ball pythons
  7 bats
  9 endoplasms
  2 giant cockroaches
  2 hobgoblins
  4 jackals (D:4)
  A quokka (D:1)
  2 frilled lizards (Sewer)
  4 goblins
  20 kobolds
  3 rats
71 creatures vanquished.

Vanquished Creatures (others)
  2 plants (D:2)
2 creatures vanquished.

Grand Total: 73 creatures vanquished

Notes
Turn   | Place    | Note
-------+----------+-------------------------------------------
     0 | D:1      | anonymouscript the Gnoll Wanderer began the quest for the
                  | Orb.
     0 | D:1      | anonymouscript set off with the following items: a +2
                  | quarterstaff, a +0 hunting sling, 7 poisoned darts, a +0
                  | dagger, a scroll of silence, a +0 robe
     0 | D:1      | Reached XP level 1. HP: 20/20 MP: 2/2
   194 | D:1      | Reached XP level 2. HP: 26/26 MP: 3/3
   655 | D:1      | You fall into a shaft and drop 1 floor!
   776 | D:1      | Found a faded altar of an unknown god.
   790 | D:1      | Prayed at the altar of an unknown god.
   790 | D:1      | Became a worshipper of Ashenzari the Shackled
  1004 | D:2      | Reached XP level 3. HP: 27/31 MP: 4/4
  1320 | D:4      | Found a staircase to the Ecumenical Temple.
  1559 | D:4      | Reached skill level 1 in Short Blades
  1559 | D:4      | Reached skill level 1 in Long Blades
  1559 | D:4      | Reached skill level 1 in Axes
  1559 | D:4      | Reached skill level 1 in Maces & Flails
  1559 | D:4      | Reached skill level 1 in Polearms
  1559 | D:4      | Reached skill level 1 in Bows
  1559 | D:4      | Reached skill level 1 in Crossbows
  1559 | D:4      | Reached skill level 1 in Dodging
  1559 | D:4      | Reached skill level 1 in Stealth
  1559 | D:4      | Reached skill level 1 in Shields
  1559 | D:4      | Reached skill level 1 in Unarmed Combat
  1559 | D:4      | Reached skill level 1 in Spellcasting
  1559 | D:4      | Reached skill level 1 in Evocations
  1570 | D:4      | Reached * piety under Ashenzari
  1582 | D:4      | Identified the +5 hunting sling of Fixation {freeze, rN+
                  | Str+5 Dex+4}
  1608 | D:4      | Found a glowing drain.
  1622 | D:4      | Reached XP level 4. HP: 26/38 MP: 6/6
  1757 | Sewer    | Entered a sewer
  1934 | Sewer    | Noticed a kobold brigand
  1940 | Sewer    | Reached skill level 1 in Conjurations
  1940 | Sewer    | Reached skill level 1 in Hexes
  1940 | Sewer    | Reached skill level 1 in Summonings
  1940 | Sewer    | Reached skill level 1 in Necromancy
  1940 | Sewer    | Reached skill level 1 in Translocations
  1940 | Sewer    | Reached skill level 1 in Transmutations
  1940 | Sewer    | Reached skill level 1 in Fire Magic
  1940 | Sewer    | Reached skill level 1 in Ice Magic
  1940 | Sewer    | Reached skill level 1 in Air Magic
  1940 | Sewer    | Reached skill level 1 in Earth Magic
  1940 | Sewer    | Reached skill level 1 in Poison Magic
  1950 | Sewer    | Killed a kobold brigand
  1951 | Sewer    | Reached XP level 5. HP: 43/43 MP: 7/7
  1976 | Sewer    | Identified the cursed scarf of the Eternal Ordeal
                  | {repulsion, Melee, Bglg} (You found it on level 3 of the
                  | Dungeon)
  1976 | Sewer    | Identified the cursed +0 helmet "Profound Free Will"
                  | {Melee, Cun} (You found it on level 1 of the Dungeon)
  2448 | D:4      | Reached XP level 6. HP: 21/50 MP: 8/8
  2785 | D:4      | Identified the -5 pair of gloves "Launitass" {-Cast +Blink
                  | rElec Slay+6}
  3104 | D:5      | Entered Level 5 of the Dungeon
  3107 | D:5      | Noticed Pikel
  3120 | D:4      | HP: 2/50 [lemure[Pikel] (5)]
  3123 | D:4      | Reached skill level 5 in Fighting
  3392 | D:5      | HP: 2/51 [Pikel/+2 whip of freezing (5)]
  3392 | D:5      | Slain by a scorpion

Illustrated notes

Levels and vault maps discovered:
D:1:      dpeg_arrival_tiny_b, layout_loops_ring,
          shapermc_ecumenical_altar_pompeii, glass_columns_b, corner_web_ring
D:2:      layout_loops_corners, serial_shops, nicolae_lakefront_shop,
          serial_bayou_crossing
D:3:      layout_basic, hangedman_decor_slide_cut
D:4:      layout_rooms, temple_statues, portal_sewer_entry_a
D:5:      minmay_thick_lines, layout_loops_cross, uniq_duvessa,
          uniq_crazy_yiuf_cottage, uniq_pikel

Skill      XL: |  1  2  3  4  5  6 |
---------------+-------------------+-----
Short Blades   | 1 2 |  2.0
Long Blades    | 1 2 |  2.0
Axes           | 1 2 |  2.0
Maces & Flails | 1 2 |  2.0
Polearms       | 1 2 |  2.0
Bows           | 1 2 |  2.0
Crossbows      | 1 2 |  2.0
Dodging        | 1 2 |  2.0
Stealth        | 1 2 |  2.0
Shields        | 1 2 |  2.0
Unarmed Combat | 1 2 |  2.0
Spellcasting   | 1 2 |  2.0
Evocations     | 1 2 |  2.0
Conjurations   | 1 |  1.5
Hexes          | 1 |  1.5
Summonings     | 1 |  1.5
Necromancy     | 1 |  1.5
Translocations | 1 |  1.5
Transmutations | 1 |  1.5
Fire Magic     | 1 |  1.5
Ice Magic      | 1 |  1.5
Air Magic      | 1 |  1.5
Earth Magic    | 1 |  1.5
Poison Magic   | 1 |  1.5
Slings         | 3 |  3.2
Throwing       | 3 |  3.2
Armour         | 3 |  3.2
Invocations    | 3 |  3.4
Fighting       | 5 |  5.0
Staves         | |  8.7

Action                   |  1- 3 |  4- 6 || total
-------------------------+-------+-------++-------
Melee: Quarterstaff      |    72 |   108 ||   180
       Bite              |     5 |     6 ||    11
 Fire: Hunting sling     |       |     6 ||     6
Invok: Curse Item        |     2 |       ||     2
  Use: Potion            |       |     3 ||     3
 Stab: Sleeping          |     2 |     2 ||     4
Armor: Robe              |    29 |    20 ||    49
       Skin              |       |    51 ||    51
Dodge: Dodged            |    73 |    65 ||   138
       Repelled          |       |     3 ||     3

Table legend: (Time is in decaauts)
 A = Elapsed time spent in this place.
 B = Non-inter-level travel time spent in this place.
 C = Inter-level travel time spent in this place.
 D = Time resting spent in this place.
 E = Time spent auto-exploring this place.
 F = Levels seen in this place.
 G = Mean time per level.
                   A        B        C        D        E       F      G
               +--------+--------+--------+--------+--------+-----+--------+
         Total |   3387 |   3297 |     90 |    763 |   1577 |   6 |  564.5 |
       Dungeon |   2747 |   2657 |     90 |    594 |   1326 |   5 |  549.4 |
         Sewer |    640 |    640 |      0 |    169 |    250 |   1 |  640.0 |
               +--------+--------+--------+--------+--------+-----+--------+

Top non-repeatable levels by time:
     D:4: 1423 daAuts
     D:1: 979 daAuts
   Sewer: 640 daAuts
     D:3: 260 daAuts
     D:2: 73 daAuts
     D:5: 10 daAuts
